 Dungeon Crawl Stone Soup version 0.30-a0-4-ga7cffc901d (webtiles) character file.

Game seed: 14953301609916911534

163 Setbun the Cutter (level 5, -3/30 HPs)
             Began as a Kobold Brigand on Aug 21, 2022.
             Slain by an ogre
             ... wielding a +0 giant spiked club
              (15 damage)
             ... on level 3 of the Dungeon.
             The game lasted 00:01:35 (2309 turns).

Setbun the Cutter (Kobold Brigand)                  Turns: 2309, Time: 00:01:36

Health: -3/30      AC:  4    Str:  8    XL:     5   Next: 72%
Magic:  5/5        EV: 14    Int: 12    God:
Gold:   101        SH:  0    Dex: 19    Spells: 4/4 levels left

rFire   . . .      SeeInvis .    a - +2 dagger
rCold   . . .      Faith    .    (no shield)
rNeg    . . .      Spirit   .    b - +0 robe
rPois   .          Reflect  .    i - +0 helmet
rElec   .          Harm     .    c - +0 cloak
rCorr   .          Rampage  .    (no gloves)
Will    .....                    (no boots)
Stlth   ++++......               h - amulet of regeneration
HPRegen 0.90/turn                (no ring)
MPRegen 0.09/turn                (no ring)

@: flying
A: small, no large weapons, nightstalker 3
a: no special abilities


You were on level 3 of the Dungeon.
You visited 1 branch of the dungeon, and saw 3 of its levels.

You collected 101 gold pieces.

Inventory:

Hand Weapons
 a - a +2 dagger (weapon)
Missiles
 d - 9 poisoned darts (quivered)
 e - 3 curare-tipped darts
Armour
 b - a +0 robe (worn)
 c - a +0 cloak (worn)
 i - a +0 helmet (worn)
 q - a +0 troll leather armour {Pargi}
Jewellery
 h - an amulet of regeneration (around neck)
Wands
 s - a wand of polymorph (7)
Scrolls
 f - a scroll of fear {unknown}
 g - a scroll of torment {unknown}
 l - a scroll of silence {unknown}
 o - a scroll of magic mapping {unknown}
 p - 2 scrolls of identify {unknown}
Potions
 k - a potion of haste {unknown}
 m - a potion of cancellation {unknown}
 n - 4 potions of curing {unknown}
 r - a potion of magic {unknown}
 t - a potion of brilliance {unknown}


   Skills:
 - Level 2.1 Fighting
 + Level 7.2 Short Blades
 - Level 2.1 Throwing
 - Level 1.2 Dodging
 - Level 5.3 Stealth


You had 4 spell levels left.
You didn't know any spells.
Your spell library contained the following spells:

 Spells                   Type           Power      Damage    Failure   Level
 Static Discharge         Conj/Air       0%         3-3/arc   45%         2
 Call Canine Familiar     Summ           0%         N/A       69%         3
 Portal Projectile        Hex/Tloc       0%         N/A       69%         3
 Leda's Liquefaction      Hex/Erth       0%         N/A       97%         4
 Lightning Bolt           Conj/Air       0%         1d11      100%        5
 Maxwell's Capacitive Co  Air            0%         ∞         100%        8


Dungeon Overview and Level Annotations

Branches:
Dungeon (3/15)

Altars:


Innate Abilities, Weirdness & Mutations

You are small and have problems with some larger weapons.
You are completely attuned to the shadows.


Message History

No target in view!
No target in view!
No target in view!
No target in view!
You now have 101 gold pieces (gained 7).
You see here a ball python corpse.
You pick up a book of Lightning and begin reading...
You add the spells Static Discharge, Lightning Bolt and Maxwell's Capacitive Coupling to your library.
r - a yellow potion
s - a wand of polymorph (7) No target in view!
p - 2 scrolls labelled ZIOP ANATUINAF (gained 1)
t - a pink potion An ogre comes into view.
It is wielding a +0 giant spiked club.
An ogre is nearby!
Found 7 gold pieces.
The ogre shouts!
The ogre closely misses you.
You barely miss the ogre. Your punch misses the ogre. You hit the ogre.
The ogre is lightly wounded.
The ogre hits you with a +0 giant spiked club!
You hit the ogre.
The ogre is moderately wounded.
You hit the ogre.
The ogre is moderately wounded.
You hit the ogre.
The ogre is moderately wounded.
The ogre hits you with a +0 giant spiked club!
You are too injured to fight recklessly!
You are too injured to fight recklessly!
You are too injured to fight recklessly!
An ogre is nearby!
Sorry, you're not good enough to have a special ability.
It was a potion of flight.
You feel very buoyant.
You fly up into the air.
The ogre hits you with a +0 giant spiked club!
Ouch! That really hurt!
You die...

......#
#.#
#.....#
#.#
.....##
#.#######
#....#
#.......#
.....#
#######.#
##.#.#
#.#
##.#.#
#.# ##.#
#.#
##.#.#
#@#
##.#.#
#O#
##.#.#
#.#
##.#.#
#$#
.....#
#.#
###.##
###.#
.##.#
.##.#


You could see an ogre.

Vanquished Creatures
  Pargi (D:3)
  2 adders (D:2)
  3 worms (D:2)
  3 endoplasms
  4 goblins
  3 hobgoblins
  3 jackals (D:2)
  6 kobolds
  3 quokkas
  4 ball pythons
  4 bats (D:1)
  2 frilled lizards (D:3)
  2 rats
40 creatures vanquished.

Vanquished Creatures (others)
  A plant (D:1)
1 creature vanquished.

Grand Total: 41 creatures vanquished

Notes
Turn   | Place    | Note
-------+----------+-------------------------------------------
     0 | D:1      | Setbun the Kobold Brigand began the quest for the Orb.
     0 | D:1      | Reached XP level 1. HP: 12/12 MP: 1/1
   184 | D:1      | Reached skill level 3 in Short Blades
   244 | D:1      | Reached XP level 2. HP: 9/17 MP: 2/2
   429 | D:1      | Found a faded altar of an unknown god.
   744 | D:1      | Reached skill level 4 in Short Blades
  1065 | D:2      | Reached XP level 3. HP: 10/21 MP: 3/3
  1469 | D:2      | Reached skill level 5 in Short Blades
  1582 | D:2      | Reached XP level 4. HP: 26/26 MP: 4/4
  2082 | D:3      | Noticed Pargi
  2086 | D:3      | Killed Pargi
  2087 | D:3      | Reached skill level 7 in Short Blades
  2087 | D:3      | Reached XP level 5. HP: 30/30 MP: 5/5
  2300 | D:3      | Noticed an ogre
  2309 | D:3      | Slain by an ogre

Illustrated notes

Levels and vault maps discovered:
D:1:      ncdulo_smallfort, layout_rooms, dreamdust_ecumenical_altar_grove
D:2:      layout_basic
D:3:      layout_loops_ring, kennysheep_okawaru_gauntlet,
          mainiacjoe_overflow_brackets, uniq_pargi, uniq_sigmund

Skill      XL: |  1  2  3  4 |
---------------+-------------+-----
Short Blades   | 3 4 5 7 |  7.2
Fighting       | |  2.1
Throwing       | |  2.1
Dodging        | |  1.2
Stealth        | |  5.3

Action                   |  1- 3 |  4- 6 || total
-------------------------+-------+-------++-------
Melee: Dagger            |    84 |    39 ||   123
       Punch             |     1 |     1 ||     2
  Use: Potion            |       |     1 ||     1
 Stab: Sleeping          |    10 |     9 ||    19
Armor: Robe              |    12 |     6 ||    18
Dodge: Dodged            |    42 |    11 ||    53

Table legend: (Time is in decaauts)
 A = Elapsed time spent in this place.
 B = Non-inter-level travel time spent in this place.
 C = Inter-level travel time spent in this place.
 D = Time resting spent in this place.
 E = Time spent auto-exploring this place.
 F = Levels seen in this place.
 G = Mean time per level.
                   A        B        C        D        E       F      G
               +--------+--------+--------+--------+--------+-----+--------+
         Total |   2280 |   2265 |     15 |    379 |   1611 |   3 |  760.0 |
       Dungeon |   2280 |   2265 |     15 |    379 |   1611 |   3 |  760.0 |
               +--------+--------+--------+--------+--------+-----+--------+

Top non-repeatable levels by time:
     D:2: 986 daAuts
     D:1: 941 daAuts
     D:3: 352 daAuts
